 Dungeon Crawl Stone Soup version 0.27.1-33-g824d729ab1 (webtiles) character file.

Game seed: 6062001853403472806

7 coolguy420 the Shooter (level 2, -1/22 HPs)
             Began as a Human Hunter on Dec 7, 2021.
             Frozen to death by an endoplasm (3 damage)
             ... on level 2 of the Dungeon.
             The game lasted 00:02:12 (194 turns).

coolguy420 the Shooter (Human Hunter)                Turns: 194, Time: 00:02:14

Health: -1/22      AC:  3    Str: 12    XL:     2   Next: 5%
Magic:  2/2        EV:  8    Int: 11    God:
Gold:   16         SH:  0    Dex: 13    Spells: 1/1 levels left

rFire    . . .     SeeInvis .   b - +0 short sword
rCold    . . .     Faith    .   (no shield)
rNeg     . . .     Spirit   .   c - +0 leather armour
rPois    .         Reflect  .   (no helmet)
rElec    .         Harm     .   (no cloak)
rCorr    .         Rampage  .   (no gloves)
Will     .....                  (no boots)
Stlth    +.........             (no amulet)
HPRegen  0.07/turn              (no ring)
MPRegen  0.08/turn              (no ring)

@: constricted
A: no striking features
a: no special abilities


You were on level 2 of the Dungeon.
You visited 1 branch of the dungeon, and saw 2 of its levels.

You collected 16 gold pieces.

Inventory:

Hand Weapons
 a - a +1 shortbow
 b - a +0 short sword (weapon)
Missiles
 d - 20 arrows
Armour
 c - a +0 leather armour (worn)


   Skills:
 + Level 2.1 Fighting
 + Level 4.2 Bows
 + Level 0.1 Armour
 + Level 2.0 Dodging
 + Level 1.0 Stealth


You had one spell level left.
You didn't know any spells.
Your spell library was empty.

Dungeon Overview and Level Annotations

Branches:
Dungeon (2/15)

Altars:

Shops:
D:2 !


Message History

You barely miss the ball python. The giant cockroach bites you.
The ball python bites you. The ball python constricts you.
You escape the ball python's grasp.
You hit the giant cockroach.
The giant cockroach is moderately wounded.
The giant cockroach bites you but does no damage.
The giant cockroach barely misses you.
You closely miss the giant cockroach.
The giant cockroach is moderately wounded.
The giant cockroach barely misses you.
You barely miss the giant cockroach.
The giant cockroach is moderately wounded.
The giant cockroach barely misses you. The giant cockroach closely misses you.
The giant cockroach bites you but does no damage.
You see here a giant cockroach corpse.
You hit the giant cockroach.
You kill the giant cockroach!
You have reached level 2!
You barely miss the ball python. The ball python bites you.
The ball python grabs you. The ball python constricts you.
The endoplasm barely misses you.
You barely miss the ball python.
The ball python bites you but does no damage.
The ball python constricts you. The endoplasm hits you.
* * * LOW HITPOINT WARNING * * *
The ball python closely misses you. The ball python constricts you.
You escape the ball python's grasp.
The endoplasm hits you.
* * * LOW HITPOINT WARNING * * *
You barely miss the endoplasm.
The ball python bites you but does no damage.
The ball python grabs you. The ball python constricts you.
The endoplasm hits you but does no damage.
You hit the endoplasm.
The endoplasm is severely wounded.
The ball python completely misses you. The ball python constricts you.
* * * LOW HITPOINT WARNING * * *
The endoplasm freezes you.
You are frozen.
You die...

###..#...###### ♣
#.#..?.##........ #
##..$.?....# #..
#.##.[..#..### ###
#..#..###....#
#.##.#......######.
#...#..>.†......... ######
#.).....SJ..###### ......
#.....#....@..##############
#.###................(# ..
#.......#########.# #.#
#.####### #.###### # ...#
#.#..... #.### #.#.#### #.
#.#(#### #......# ###.##.#


You could see an endoplasm and a ball python.

Vanquished Creatures
  A ball python (D:2)
  2 endoplasms (D:2)
  2 giant cockroaches (D:2)
5 creatures vanquished.

Notes
Turn   | Place    | Note
-------+----------+-------------------------------------------
     0 | D:1      | coolguy420 the Human Hunter began the quest for the Orb.
     0 | D:1      | Reached XP level 1. HP: 16/16 MP: 1/1
    65 | D:2      | Found Tedd's Distillery.
   190 | D:2      | Reached XP level 2. HP: 8/22 MP: 2/2
   194 | D:2      | Frozen to death by an endoplasm

Illustrated notes

Levels and vault maps discovered:
D:1:      ncdulo_lavacross, layout_basic, shapermc_ecumenical_altar_hornbeckon
D:2:      layout_loops_ring, serial_shops, nicolae_shop_trees,
          minmay_misc_feat_ornament, minmay_pentomino_z4

Action                   || total
-------------------------++-------
Melee: Short sword       ||    16
 Fire: Shortbow          ||     1
Armor: Leather armour    ||     7
Dodge: Dodged            ||    15
